 Dungeon Crawl Stone Soup version 0.18-a0-1126-ga2d7f46 (webtiles) character file.

144 M4edhros the Sneak (level 5, -4/33 HPs)
             Began as an Octopode Artificer on Jan 20, 2016.
             Slain by an ice beast (12 damage)
             ... on level 5 of the Dungeon.
             The game lasted 00:02:38 (1549 turns).

M4edhros the Sneak (Octopode Artificer)             Turns: 1549, Time: 00:02:38

Health: -4/33      AC:  1    Str: 14    XL:     5   Next: 27%
Magic:  7/8        EV: 13    Int: 16    God:
Gold:   122        SH:  0    Dex: 12    Spells: 0 memorised, 4 levels left

rFire  . . .     SeeInvis .     a - +0 short sword
rCold  . . .     Gourm    .     (no shield)
rNeg   . . .     Faith    .     (helmet restricted)
rPois  .         Spirit   .     (no amulet)
rElec  .         Dismiss  .     r - +4 ring of strength
rCorr  .         Reflect  .     (no ring)
SustAt .         Harm     .     (no ring)
MR     .....                    (no ring)
Stlth  ++++......               (no ring)
                                (no ring)
                                (no ring)
                                (no ring)

@: not resistant to hostile enchantments, stealthy
A: almost no armour, amphibious, 8 rings, constrict 8, camouflage 1, gelatinous
body 1
a: no special abilities


You were on level 5 of the Dungeon.
You were not hungry.

You visited 1 branch of the dungeon, and saw 5 of its levels.

You collected 122 gold pieces.

Inventory:

Hand Weapons
 a - a +0 short sword (weapon)
 i - a +0 hunting sling
Missiles
 g - 127 stones (quivered)
 k - 65 sling bullets
Jewellery
 r - a +4 ring of strength (left tentacle)
Wands
 b - a wand of flame (4/48)
 c - a wand of enslavement (15/24)
 d - a wand of random effects (14/48)
 p - a wand of flame (42/48)
Scrolls
 j - 2 scrolls of identify {unknown}
 l - a scroll of fear {unknown}
 m - 2 scrolls of teleportation {unknown}
 n - 2 scrolls of random uselessness {unknown}
 o - 2 scrolls of enchant armour {unknown}
Potions
 e - a potion of cancellation {unknown}
 h - a potion of flight {unknown}
Comestibles
 f - 2 bread rations
 q - a slice of pizza


   Skills:
 - Level 1.0 Fighting
 - Level 1.0 Short Blades
 * Level 1.8 Slings
 * Level 3.0 Dodging
 * Level 4.5 Stealth
 + Level 4.0 Evocations


You had 4 spell levels left.
You didn't know any spells.

Dungeon Overview and Level Annotations

Branches:
Dungeon (5/15)
 Temple: D:4-7

Altars:
Trog


Innate Abilities, Weirdness & Mutations

You cannot wear most types of armour.
You are amphibious.
You can wear up to eight rings at the same time.
You can use your tentacles to constrict eight enemies at once.
Your skin changes colour to match your surroundings (Stealth).
Your rubbery body absorbs attacks (AC +1).


Message History

The puff of flame misses the ice beast.
This wand has 6 charges left.
The ice beast hits you. The ice beast freezes you!
* * * LOW HITPOINT WARNING * * *
Evoke which item? (* to show all) (? for menu, Esc to quit)
Zapping:
b - a wand of flame (6/48)
Press: ? - help, Shift-Dir - straight line, f/p - ice beast
Aim: an ice beast (severely wounded)
The puff of flame hits the ice beast.
The ice beast melts!
The ice beast is almost dead.
This wand has 5 charges left.
The ice beast hits you but does no damage.
Evoke which item? (* to show all) (? for menu, Esc to quit)
Zapping:
b - a wand of flame (5/48)
Press: ? - help, Shift-Dir - straight line, f/p - ice beast
Aim: an ice beast (almost dead)
The puff of flame misses the ice beast.
This wand has 4 charges left.
The ice beast hits you.
* * * LOW HITPOINT WARNING * * *
The ice beast freezes you!
You die...

#.####...#.....#######รท..#.#
###....####### #......#
#..^.....# #. #..[..##
#.#.....###.## #.....#
#.##...###. . #....## #
##.#.#. .# #.#### # #.##.##.#
#.# #.###.##.#..##### #.#
#.#........@Y....$. ...
#..........#..........##
#####........######.###
##..###### #. #..# #. #..# #
#... #.#. #...#


You could see an ice beast.

Vanquished Creatures
  A scorpion (D:4)
  A crimson imp (D:5)
  An iguana (D:4)
  2 giant geckos
  An orc (D:4)
  A giant cockroach (D:1)
  3 goblins
  3 hobgoblins
  3 jackals (D:5)
  2 quokkas
  4 bats
  4 giant newts
  2 rats
28 creatures vanquished.

Notes
Turn   | Place    | Note
--------------------------------------------------------------
     0 | D:1      | M4edhros the Octopode Artificer began the quest for the Orb.
     0 | D:1      | Reached XP level 1. HP: 13/13 MP: 3/3
   326 | D:2      | Reached XP level 2. HP: 11/18 MP: 4/4
   430 | D:2      | Found a faded altar to an unknown god.
   920 | D:4      | Noticed a scorpion
   922 | D:4      | Killed a scorpion
   922 | D:4      | Reached skill level 1 in Slings
   922 | D:4      | Reached XP level 3. HP: 23/23 MP: 5/5
   922 | D:4      | Reached XP level 4. HP: 28/28 MP: 6/6
   945 | D:4      | Reached skill level 4 in Stealth
  1392 | D:5      | Entered Level 5 of the Dungeon
  1482 | D:5      | Found a bloodstained altar of Trog.
  1533 | D:5      | Reached XP level 5. HP: 31/33 MP: 6/8
  1540 | D:5      | Noticed an ice beast
  1549 | D:5      | Slain by an ice beast

Vault maps used:
D:1:      erik_arrival_blinker_ship
D:2:      ecumenical_altar_2, first_bread, uniq_crazy_yiuf_cottage, uniq_jessica
D:3:      nicolae_overflow_hidden_temple, minmay_misc_feat_plants
D:5:      serial_shops, shop_statue, trog_book

Action                   |  1- 3 |  4- 6 || total
-------------------------+-------+-------++-------
Melee: Short sword       |    20 |    21 ||    41
 Fire: Hunting sling     |    37 |     5 ||    42
Evoke: Wand              |     1 |    11 ||    12
 Stab: Sleeping          |     1 |     1 ||     2
  Eat: Chunk             |       |     2 ||     2
